 Dungeon Crawl Stone Soup version 0.31-a0-221-gbddc013574 (webtiles) character file.

Game seed: 15615791341947687930

167 qw the Chopper (level 5, -4/32 HPs)
             Began as a Gargoyle Fighter on July 3, 2023.
             Slain by a gnoll
             ... wielding a +0 halberd
              (11 damage)
             ... on level 4 of the Dungeon.
             The game lasted 00:01:27 (2948 turns).

qw the Chopper (Gargoyle Fighter)                   Turns: 2948, Time: 00:01:27

Health: -4/32      AC: 10    Str: 21    XL:     5   Next: 48%
Magic:  5/5        EV:  9    Int:  9    God:
Gold:   113        SH:  4    Dex:  9    Spells: 4/4 levels left

rFire   . . .        Y - +0 war axe
rCold   . . .        c - +0 buckler
rNeg    + . .        b - +0 scale mail
rPois   inf          (no helmet)
rElec   +            (no cloak)
rCorr   .            (no gloves)
SInv    .            (no boots)
Will    .....        (no amulet) Stlth
                     (no ring)
HPRegen 0.25/turn    (no ring)
MPRegen 0.09/turn

%: no passive effects
@: no status effects
A: sickness immunity, AC +4, negative energy resistance 1, electricity
resistance, torment resistance 1, petrification resistance
a: no special abilities


You were on level 4 of the Dungeon.
You visited 1 branch of the dungeon, and saw 4 of its levels.

You collected 113 gold pieces.


Innate Abilities, Weirdness & Mutations

You are immune to sickness and miasma.
Your stone body is resilient. (AC +4)
You are immune to poison.
You resist negative energy. (rN+)
You are resistant to electric shocks. (rElec)
You are resistant to unholy torment.
You are immune to petrification.


   Skills:
 + Level 3.2 Fighting
 - Level 5.0 Axes
 - Level 3.2 Armour
 - Level 3.2 Shields


You had 4 spell levels left.
You didn't know any spells.
Your spell library was empty.

Inventory:

Hand Weapons
 i - a +0 mace
 Y - a +0 war axe (weapon)
Missiles
 h - 3 boomerangs
Armour
 b - a +0 scale mail (worn)
 c - a +0 buckler (worn)
Scrolls
 a - a scroll of fog {unknown}
Potions
 d - a potion of might
 e - a potion of curing {unknown}
 f - a potion of magic
 g - 2 potions of enlightenment {unknown}

Dungeon Overview and Level Annotations

Branches:
Dungeon (4/15)
 Temple: D:4-7

Altars:

Annotations:
D:3 1 runed translucent door, qw's ghost, amateur MiHs


Message History

The gnoll closely misses you.
There is an open door here.
Enter note:
Enter note:
Enter note:
Enter note: You closely miss the gnoll.
A water moccasin comes into view.
The gnoll barely misses you.
The gnoll hits you from afar with a +0 halberd.
The water moccasin hisses angrily.
You slash the gnoll!
You kill the gnoll!
You hit the gnoll.
The gnoll hits you from afar with a +0 spear.
You block the gnoll's attack.
The gnoll hits you from afar with a +0 halberd.
You barely miss the gnoll.
The gnoll is lightly wounded.
You slash the gnoll! x2
You block the gnoll's attack. The gnoll misses you.
You block the gnoll's attack.
The gnoll hits you from afar with a +0 spear.
The gnoll barely misses you. The gnoll hits you but does no damage.
The gnoll hits you from afar with a +0 halberd.
The gnoll hits you with a +0 club.
The gnoll hits you from afar with a +0 spear.
The gnoll hits you but does no damage. The gnoll closely misses you.
You hit the gnoll.
You kill the gnoll!
You hit the gnoll but do no damage. You hit the gnoll.
The gnoll hits you with a +0 club. The gnoll hits you with a +0 flail.
The gnoll barely misses you. x2; The gnoll closely misses you.
Your Axes skill increases to level 5!
You barely miss the gnoll.
The gnoll is severely wounded.
You hit the water moccasin. You hit the gnoll.
The water moccasin barely misses you.
The gnoll hits you from afar with a +0 halberd!
You die...

...##+##+##..........
......................+
...........##'###.....#
...........+....#.....#
......<....#....#.....#
...........#....#.....+
#.....######....#.....##
#.....'...#.....#S......
#.....#...#.....@gg.....
#.....########+##g......
#####........


gg..... + #........ .....#+ # #........ .....# # #........ .....+ # #........
.....# #####......#+ .....# #.....###### You could see a water moccasin and 5
gnolls.

Vanquished Creatures
  Jessica (D:2)
  5 adders
  2 gnolls (D:4)
  6 worms
  A dart slug (D:1)
  10 endoplasms
  4 giant cockroaches
  5 goblins
  4 hobgoblins
  5 kobolds
  3 quokkas (D:2)
  4 ball pythons
  2 bats
  3 frilled lizards
  5 rats
60 creatures vanquished.

Notes
Turn   | Place    | Note
-------+----------+-------------------------------------------
     0 | D:1      | qw the Gargoyle Fighter began the quest for the Orb.
     0 | D:1      | Reached XP level 1. HP: 14/14 MP: 1/1
     0 | D:1      | 0 ||| qw: Version: 0.3-a-40-ge99b1a8
     0 | D:1      | 0 ||| qw: Game counter: 514
     0 | D:1      | 0 ||| qw: Melee chars always use a shield: true
     0 | D:1      | 0 ||| qw: God list: Okawaru
     0 | D:1      | 0 ||| qw: Allow faded altars: false
     0 | D:1      | 0 ||| qw: Do Orc after clearing Dungeon:15 true
     0 | D:1      | 0 ||| qw: Do second Lair branch before Depths: true
     0 | D:1      | 0 ||| qw: Lair rune preference: random
     0 | D:1      | 0 ||| qw: Goals: Normal, Zot:1-4, Slime:5, God:TSO, Crypt,
                  | Tomb, Abyss, Pan, Hells, Win
     0 | D:1      | 0 ||| PLANNING D:1-11
    69 | D:1      | Reached skill level 2 in Axes
   228 | D:1      | Reached XP level 2. HP: 19/19 MP: 2/2
   480 | D:1      | Found a faded altar of an unknown god.
   940 | D:1      | 940 ||| DROPPING +0 club.
   941 | D:1      | 941 ||| READING scroll labelled PEMIOTO MOUTOSS.
   942 | D:1      | 942 ||| READING scroll labelled GANWONIDIU.
   991 | D:2      | Reached skill level 3 in Axes
  1066 | D:2      | Reached XP level 3. HP: 23/23 MP: 3/3
  1151 | D:2      | 1151 ||| FLEEEEING.
  1152 | D:2      | 1152 ||| FLEEEEING.
  1234 | D:2      | Noticed Jessica
  1235 | D:2      | 1235 ||| Stepping ~*~*~tactically~*~*~ (hiding).
  1236 | D:2      | 1236 ||| Stepping ~*~*~tactically~*~*~ (hiding).
  1250 | D:2      | Killed Jessica
  1251 | D:2      | Reached skill level 4 in Axes
  1251 | D:2      | Reached XP level 4. HP: 26/28 MP: 4/4
  1351 | D:2      | 1351 ||| Stepping ~*~*~tactically~*~*~ (stealth).
  1355 | D:2      | 1355 ||| Stepping ~*~*~tactically~*~*~ (stealth).
  1365 | D:2      | 1365 ||| Stepping ~*~*~tactically~*~*~ (stealth).
  1366 | D:2      | 1366 ||| Stepping ~*~*~tactically~*~*~ (stealth).
  1653 | D:2      | Reached XP level 5. HP: 24/32 MP: 5/5
  1727 | D:2      | 1727 ||| READING scroll labelled HUMUME SEGICVI.
  1771 | D:3      | Found a runed translucent door.
  1771 | D:3      | Noticed qw's ghost (amateur MiHs)
  2844 | D:3      | 2844 ||| READING scroll labelled AXZAITR WYEMNA.
  2845 | D:3      | 2845 ||| DRINKING 2 fuming pink potions.
  2944 | D:4      | Noticed a water moccasin
  2947 | D:4      | HP: 7/32 [gnoll/+0 flail (4)]
  2948 | D:4      | Reached skill level 5 in Axes
  2948 | D:4      | Slain by a gnoll

Levels and vault maps discovered:
D:1:      dpeg_arrival_short_road, layout_basic,
          dreamdust_ecumenical_altar_angels_and_demons
D:2:      layout_rooms, nicolae_elevator_lobby_plus, uniq_jessica
D:3:      layout_basic, hellmonk_ghost_happy_afterlife,
          chequers_hall_statues_corner_a
D:4:      layout_gridville

Skill      XL: |  1  2  3  4  5 |
---------------+----------------+-----
Axes           | 2 3 4 5 |  5.0
Fighting       | |  3.2
Armour         | |  3.2
Shields        | |  3.2

Action                     |  1- 3 |  4- 6 || total
---------------------------+-------+-------++-------
  Melee: War axe           |    81 |   142 ||   223
    Use: Scroll            |     2 |     2 ||     4
         Potion            |       |     1 ||     1
 Armour: Scale mail        |    30 |    74 ||   104
  Dodge: Dodged            |    29 |    49 ||    78
  Block: Buckler           |    10 |    22 ||    32

Table legend:
 A = Non-vault XP
 B = Vault XP
 C = Vault XP percentage of total XP
 D = Non-vault monster count
 E = Vault monster count
 F = Vault count percentage of total count
                 A         B        C        D         E       F
            +---------+---------+-------+---------+---------+-------
      Total |     202 |      37 |  15.5 |      59 |       1 |   1.7
            +---------+---------+-------+---------+---------+-------
        D:1 |      27 |       0 |   0.0 |      15 |       0 |   0.0
        D:2 |     104 |      37 |  26.2 |      24 |       1 |   4.0
        D:3 |      42 |       0 |   0.0 |      17 |       0 |   0.0
        D:4 |      29 |       0 |   0.0 |       3 |       0 |   0.0
            +---------+---------+-------+---------+---------+-------
